 Dungeon Crawl Stone Soup version 0.30-a0-1103-g25895a7845 (webtiles) character file.

Game seed: 4685953152632009743

2618 kae the Transmogrifier (level 9, -1/66 (76) HPs)
             Began as a White Draconian Transmuter on Apr 18, 2023.
             Was an Initiate of Ru.
             Slain by a gnoll
             ... wielding a +0 halberd of draining
              (11 damage)
             ... in a bailey.
             The game lasted 00:08:30 (7902 turns).

kae the Transmogrifier (White Draconian Transmuter) Turns: 7902, Time: 00:08:30

HP:   -1/66 (76)    AC: 12    Str: 12    XL:     9   Next: 34%
MP:   15/17         EV: 10    Int: 17    God:    Ru [......]
Gold: 309           SH:  0    Dex: 13    Spells: 9/19 levels left

rFire   x . .      SeeInvis .      - Unarmed
rCold   + + +      Faith    .    (shield currently unavailable)
rNeg    . . .      Spirit   .    (body armour unavailable)
rPois   +          Reflect  .    (helmet currently unavailable)
rElec   .          Rampage  .    f - melded +2 cloak
rCorr   .                        (gloves currently unavailable)
Will    .....                    (boots currently unavailable)
Stlth   +                        (no amulet)
HPRegen 0.31/turn                O - +4 ring of protection
MPRegen 0.15/turn                P - ring of poison resistance

@: ice-form, heavily drained
A: freezing attack, amphibious, boosted hp, (breathe frost), AC +7, large,
unfitting armour, (cold resistance 1), (cold-blooded)
a: End Transformation, Renounce Religion


You were in a bailey.
You worshipped Ru.
Ru was noncommittal.
You were a creature of crystalline ice.
You visited 2 branches of the dungeon, and saw 8 of its levels.
You also visited: Sewer and Bailey.

You collected 309 gold pieces.


Innate Abilities, Weirdness & Mutations

You are a creature of crystalline ice.
You have a powerful freezing melee attack.
You are amphibious.
Your maximum health is increased.
Your armour is entirely melded.
You are incapable of wielding weapons or throwing items.
((You can breathe waves of freezing cold which knock back foes.))
((Your icy white scales are hard. (AC +7)))
You cannot fit into any form of body armour.
((Your flesh is cold resistant. (rC+)))
((You are cold-blooded and may be slowed by cold attacks.))


   Skills:
 - Level 1.1 Fighting
 - Level 1.7 Dodging
 + Level 6.5 Unarmed Combat
 + Level 5.6 Spellcasting
 * Level 8.5 Transmutations
 - Level 5.0 Ice Magic
 - Level 2.5 Poison Magic


You had 9 spell levels left.
You knew the following spells:

 Your Spells              Type           Power      Damage    Failure   Level
a - Beastly Appendage     Tmut           66%        N/A       1%          1
b - Wereblood             Tmut           33%        N/A       1%          2
c - Spider Form           Tmut/Pois      23%        N/A       4%          3
d - Ice Form              Ice/Tmut       27%        N/A       9%          4

Your spell library contained the following spells:

 Spells                   Type           Power      Damage    Failure   Level
 Dazzling Flash           Conj/Hex       8%         N/A       36%         3
 Volatile Blastmotes      Fire/Tloc      8%         2d10      36%         3
 Cause Fear               Hex            2%         N/A       78%         4
 Iskenderun's Mystic Bla  Conj/Tloc      4%         2d3       78%         4
 Dragon Form              Tmut           16%        N/A       98%         7
 Starburst                Conj/Fire      2%         6d3       100%        6
 Dragon's Call            Summ           2%         N/A       100%        9

Inventory:

Missiles
 c - 55 stones
 g - 2 poisoned darts
 r - 2 boomerangs
Armour
 f - a +2 cloak (melded)
   (You found it on level 1 of the Dungeon)
Jewellery
 p - an amulet of reflection
   (You found it on level 7 of the Dungeon)
 G - an amulet of guardian spirit
   (You found it on level 6 of the Dungeon)
 O - a +4 ring of protection (left front paw)
   (You found it on level 3 of the Dungeon)
 P - a ring of poison resistance (right front paw)
   (You found it on level 2 of the Dungeon)
Wands
 n - a wand of flame (14)
   (You took it off an orc wizard on level 6 of the Dungeon)
Scrolls
 a - 2 scrolls of fear
 b - a scroll of immolation {!r!r}
 h - a scroll of enchant armour
 o - 2 scrolls of enchant weapon
Potions
 d - a potion of mutation {!q}
 e - 2 potions of heal wounds {@q2}
 i - 2 potions of curing {@q1}
 j - a potion of cancellation
 k - 2 potions of invisibility
 l - 5 potions of degeneration {!q}
 m - 3 potions of haste {@q3}

Dungeon Overview and Level Annotations

Branches:
Dungeon (7/15) Zot: 26941  Temple (1/1) D:6 Zot: 5774   Sewer (visited)
 Bailey (1/1) Zot: 5943

Altars:
Ashenzari
Cheibriados
Dithmenos
Elyvilon
Fedhas
Gozag
Kikubaaqudgha
Makhleb
Nemelex Xobeh
Okawaru
Qazlal
Ru
Sif Muna
Trog
Uskayaw
Wu Jian
Xom
Yredelemnul
Zin
The Shining One

Annotations:
D:4 3 runed translucent doors, CoolSool's ghost, amateur DsGl
D:6 3 runed translucent doors, bmj180's ghost, novice MfIE

# ### ##### ### ###
###.###.')###.###.#
'##'##'###'##'##'##
#.....## ##.....##
#.....# #.....###
+..∩..+ +..⌠..')#
#.....# #.....###
#.....# #!....##
+##+##+ +##+##Y#
##g# '# .# ##


You could see a gnoll.


Message History

There is an open door here.
You open the door.
A gnoll comes into view.
It is wielding a +0 halberd of draining.
You flicker back into view.
The gnoll shouts!
The gnoll hits you from afar with a +0 halberd of draining!
* * * LOW HITPOINT WARNING * * *
You feel drained.
* * * LOW HITPOINT WARNING * * *
😨 HP[-13]
You now have 74 max hp (-2).
You take 13 damage, and now have 23/74 hp.
The gnoll barely misses you.
There is an open door here.
You barely miss the gnoll. You punch the gnoll! You freeze the gnoll.
You kill the gnoll!
Unknown command.
You see here a +0 halberd of draining. 😨 HP[+1] MP[+1]
You open the door.
There is an open door here. 😨 HP[+1]
Your magical contamination has completely faded away.
As you open the door, it creaks loudly!
There is an open door here. 😨 HP[+1] 😨 MP[+1]
You open the door. 😨 HP[+1]
There is an open door here.
There is an open door here. 😨 HP[+1] 😨 MP[+1]
You open the door.
An orc comes into view. It is wielding a +0 halberd.
The orc shouts!
The orc closely misses you. 😨 HP[+1]
The orc hits you with a +0 halberd.
* * * LOW HITPOINT WARNING * * *
There is an open door here. 😨 HP[-4]
You take 4 damage, and now have 25/74 hp.
You punch the orc! You freeze the orc.
You kill the orc!
Things that are here:
a +0 halberd; a +0 ring mail; 😨 HP[+1]
There is an open door here. 😨 MP[+1]
You open the door.
A gnoll comes into view.
It is wielding a +2 halberd of draining.
The gnoll shouts!
You hear a shout!
Something unseen opens the door.
The gnoll barely misses you. 😨 HP[+1]
A gnoll comes into view.
It is wielding a +0 halberd of draining.
The gnoll hits you with a +2 halberd of draining.
* * * LOW HITPOINT WARNING * * *
You feel drained.
* * * LOW HITPOINT WARNING * * *
😨 HP[-5]
You now have 73 max hp (-1).
You take 5 damage, and now have 22/73 hp.
You barely miss the gnoll. The gnoll barely misses you.
The gnoll hits you but does no damage.
You feel drained. 😨 HP[+1]
You now have 72 max hp (-1).
You barely miss the gnoll. The gnoll barely misses you.
You punch the gnoll! You freeze the gnoll.
You kill the gnoll!
The gnoll hits you from afar with a +0 halberd of draining.
* * * LOW HITPOINT WARNING * * *
You feel drained. 😨 HP[-2] MP[+1]
You now have 69 max hp (-3).
The gnoll barely misses you.
There is an open door, spattered with blood here.
Things that are here:
a +2 halberd of draining; a gnoll corpse 😨 HP[+1]
You barely miss the gnoll.
The gnoll hits you with a +0 halberd of draining.
* * * LOW HITPOINT WARNING * * *
You feel drained.
* * * LOW HITPOINT WARNING * * *
😨 HP[-3]
You now have 68 max hp (-1).
You take 3 damage, and now have 19/68 hp.
You hit the gnoll but do no damage.
The gnoll hits you with a +0 halberd of draining!
* * * LOW HITPOINT WARNING * * *
You feel drained.
* * * LOW HITPOINT WARNING * * *
😱 HP[-9]
You now have 66 max hp (-2).
You take 9 damage, and now have 10/66 hp.
You barely miss the gnoll.
The gnoll hits you with a +0 halberd of draining!
You die...

Skill      XL: |  1  2  3  4  5  6  7  8 |
---------------+-------------------------+-----
Poison Magic   | 1 2 |  2.5
Ice Magic      | 1 2 3 5 |  5.0
Transmutations | 3 4 5 8 |  8.5
Spellcasting   | 3 4 5 |  5.6
Unarmed Combat | 4 6 |  6.5
Fighting       | |  1.1
Dodging        | |  1.7

Action                     |  1- 3 |  4- 6 |  7- 9 || total
---------------------------+-------+-------+-------++-------
  Melee: Unarmed           |   108 |   102 |   280 ||   490
         Tailslap          |     8 |     7 |     7 ||    22
         Kick              |    16 |    10 |     2 ||    28
         Punch             |     4 |       |     1 ||     5
         Headbutt          |     5 |     4 |     2 ||    11
   Cast: Beastly Appendage |    19 |    14 |     1 ||    34
         Spider Form       |     1 |     5 |    13 ||    19
         Wereblood         |       |     2 |     8 ||    10
         Ice Form          |       |     1 |    19 ||    20
Ability: Breathe Frost     |       |       |     1 ||     1
    Use: Scroll            |     4 |     7 |     7 ||    18
         Potion            |     3 |       |     1 ||     4
   Stab: Sleeping          |       |       |     1 ||     1
 Armour: Skin              |    50 |    33 |   124 ||   207
  Dodge: Dodged            |    56 |    73 |   170 ||   299

Levels and vault maps discovered:
D:1:      matt_arrival_grand_opening, layout_basic, minmay_pentomino_s4
D:2:      layout_basic, hellmonk_ecumenical_altar_heavens_door, basic_altar,
          uniq_terence
D:3:      layout_loops_ring, chequers_temple_overflow_minitemple,
          cheibrodos_sewer_entry_bend, minmay_misc_feat_room,
          chequers_serial_rivers_micro_a, nrook_mini_backslash,
          minmay_shallow_snake_nest, uniq_grinder, uniq_natasha, uniq_ijyb
D:4:      cheibrodos_fertilizer, layout_basic, gammafunk_ghost_necromancy
D:5:      layout_cave_pods
D:6:      layout_basic, minmay_temple_entry_glassed_door,
          ebering_ghost_rock_garden
D:7:      minmay_opposing_rooms, layout_basic, enter_bailey_6,
          chequers_ossuary_entry_cave, minmay_crossroads
Temple:   bh_familiar_temple
Bailey:   bailey_polearm_nasty_gnolls, bailey

Notes
Turn   | Place    | Note
-------+----------+-------------------------------------------
     0 | D:1      | kae the Draconian Transmuter began the quest for the Orb.
     0 | D:1      | Reached XP level 1. HP: 16/16 MP: 3/3
     0 | D:1      | magus.rc [v1.11.3]
   199 | D:1      | Reached XP level 2. HP: 23/23 MP: 3/5
   208 | D:1      | You pick up a book of Changes and begin reading...
   538 | D:1      | Reached skill level 1 in Poison Magic
   810 | D:2      | Found a shimmering altar of Xom.
   822 | D:2      | Reached XP level 3. HP: 28/28 MP: 4/6
   826 | D:2      | Learned a level 2 spell: Wereblood
   830 | D:2      | Learned a level 3 spell: Spider Form
  1170 | D:2      | Found a faded altar of an unknown god.
  1180 | D:2      | Reached skill level 1 in Ice Magic
  1751 | D:2      | Noticed Terence
  1763 | D:2      | Killed Terence
  1764 | D:2      | Reached skill level 2 in Poison Magic
  1764 | D:2      | Reached XP level 4. HP: 21/35 MP: 4/7
  2347 | D:3      | Noticed Ijyb
  2419 | D:3      | Reached skill level 3 in Transmutations
  2462 | D:3      | Noticed Grinder
  2468 | D:3      | Noticed Natasha
  2477 | D:3      | Killed Natasha
  2478 | D:3      | Reached XP level 5. HP: 36/40 MP: 0/8
  2689 | D:3      | Noticed Natasha
  2696 | D:3      | Killed Natasha
  2706 | D:3      | You pick up a book of Spectacle and begin reading...
  2706 | D:3      | You add the spells Volatile Blastmotes, Dazzling Flash,
                  | Iskenderun's Mystic Blast and Starburst to your library.
  2718 | D:3      | Found a glowing drain.
  2740 | Sewer    | Entered a sewer
  2910 | Sewer    | Noticed Pargi
  2924 | Sewer    | Killed Pargi
  2925 | Sewer    | Reached skill level 2 in Ice Magic
  2925 | Sewer    | Reached XP level 6. HP: 40/47 MP: 4/10
  3039 | Sewer    | Reached skill level 4 in Transmutations
  3275 | D:3      | Killed Ijyb
  3283 | D:3      | Learned a level 4 spell: Ice Form
  3376 | D:3      | Reached skill level 3 in Spellcasting
  3390 | D:3      | Killed Grinder
  3391 | D:3      | Reached skill level 4 in Unarmed Combat
  3391 | D:3      | Reached skill level 3 in Ice Magic
  3391 | D:3      | Your scales start taking on an icy white colour.
  3391 | D:3      | Reached XP level 7. HP: 52/52 MP: 8/11
  3391 | D:3      | Gained mutation: Your flesh is cold resistant. (rC+) [White
                  | Draconian growth]
  3418 | D:3      | Noticed Natasha
  3441 | D:3      | Killed Natasha
  3656 | D:3      | Found an opulent altar of Gozag.
  3656 | D:3      | Found a faded altar of an unknown god.
  3663 | D:3      | Found a basalt altar of Yredelemnul.
  3665 | D:3      | Found a faded altar of an unknown god.
  3667 | D:3      | Found a sparkling altar of Nemelex Xobeh.
  3756 | D:4      | Reached skill level 4 in Ice Magic
  3803 | D:4      | Reached skill level 5 in Transmutations
  4571 | D:4      | Reached skill level 5 in Ice Magic
  4720 | D:4      | HP: 11/52 [something (4)]
  4869 | D:4      | Found a runed translucent gate.
  4870 | D:4      | Found a runed translucent gate.
  4871 | D:4      | Found a runed translucent gate.
  4970 | D:4      | Reached skill level 4 in Spellcasting
  5135 | D:4      | Noticed CoolSool's ghost (amateur DsGl)
  5191 | D:5      | Entered Level 5 of the Dungeon
  5260 | D:5      | Reached XP level 8. HP: 40/59 MP: 7/14
  5575 | D:5      | You pick up a book of the Dragon and begin reading...
  5575 | D:5      | You add the spells Cause Fear, Dragon Form and Dragon's
                  | Call to your library.
  5680 | D:5      | Reached skill level 6 in Transmutations
  5859 | D:5      | Reached skill level 5 in Unarmed Combat
  6516 | D:6      | Found a staircase to the Ecumenical Temple.
  6638 | Temple   | Entered the Ecumenical Temple
  6846 | Temple   | Became a worshipper of Ru the Awakened
  7173 | D:6      | Found a runed translucent gate.
  7221 | D:6      | Found a runed translucent gate.
  7223 | D:6      | Found a runed translucent gate.
  7226 | D:6      | Noticed bmj180's ghost (novice MfIE)
  7460 | D:6      | Reached skill level 7 in Transmutations
  7802 | D:7      | Reached skill level 5 in Spellcasting
  7806 | D:7      | Noticed a two-headed ogre
  7818 | D:7      | Killed a two-headed ogre
  7819 | D:7      | Reached skill level 6 in Unarmed Combat
  7819 | D:7      | Reached skill level 8 in Transmutations
  7819 | D:7      | Reached XP level 9. HP: 20/64 MP: 15/17
  7829 | D:7      | Found a flagged portal.
  7845 | Bailey   | Entered a bailey
  7901 | Bailey   | HP: 11/68 [gnoll/+0 halberd of draining (8)]
  7902 | Bailey   | Slain by a gnoll

Vanquished Creatures
  A two-headed ogre (D:7)
  Grinder (D:3)
  A water moccasin (D:7)
  Pargi (Sewer)
  2 sky beasts (D:7)
  3 ice beasts
  A phantom (D:4)
  A gnoll sergeant (D:6)
  4 scorpions
  An orc priest (D:5)
  A hound (D:4)
  3 jellies
  2 iguanas
  Ijyb (D:3)
  Terence (D:2)
  Natasha (thrice) (D:3)
  7 orc wizards
  5 gnolls
  12 adders
  2 shadow imps
  A white imp (D:6)
  2 ufetubi
  4 worms
  A dart slug (D:2)
  18 orcs
  13 ball pythons
  15 endoplasms
  4 giant cockroaches
  2 goblins
  2 hobgoblins
  5 jackals
  11 kobolds
  2 quokkas
  6 bats
  7 frilled lizards
  5 rats
151 creatures vanquished.

Vanquished Creatures (others)
  A plant (D:3)
  10 toadstools (D:4)
11 creatures vanquished.

Grand Total: 162 creatures vanquished

Table legend:
 A = Non-vault XP
 B = Vault XP
 C = Vault XP percentage of total XP
 D = Non-vault monster count
 E = Vault monster count
 F = Vault count percentage of total count
                 A         B        C        D         E       F
            +---------+---------+-------+---------+---------+-------
      Total |    3062 |     678 |  18.1 |     110 |      41 |  27.2
            +---------+---------+-------+---------+---------+-------
        D:1 |      16 |       6 |  27.3 |       9 |       3 |  25.0
        D:2 |      70 |      36 |  34.0 |      18 |       1 |   5.3
        D:3 |     117 |     377 |  76.3 |      18 |      10 |  35.7
        D:4 |     548 |      64 |  10.5 |      29 |      14 |  32.6
        D:5 |     458 |       0 |   0.0 |      15 |       0 |   0.0
        D:6 |     481 |       0 |   0.0 |      16 |       0 |   0.0
        D:7 |    1372 |       0 |   0.0 |       5 |       0 |   0.0
      Sewer |       0 |     163 | 100.0 |       0 |      10 | 100.0
     Bailey |       0 |      32 | 100.0 |       0 |       3 | 100.0
            +---------+---------+-------+---------+---------+-------

Illustrated notes

Table legend:
 A = Kills in this place as a percentage of kills in the entire game.
 B = Kills by you in this place as a percentage of kills by you in the entire game.
 C = Kills by friends in this place as a percentage of kills by friends in the entire game.
 D = Other kills in this place as a percentage of other kills in the entire game.
 E = Experience gained in this place as a percentage of experience gained in the entire game.
 F = Experience gained in this place divided by the number of levels of this place that you have seen.
                   A       B       C       D       E      F
               +-------+-------+-------+-------+-------+----------------------
         Total | 100.0 | 100.0 |   N/A |   N/A | 100.0 | 374.0
       Dungeon |  91.4 |  91.4 |   N/A |   N/A |  94.8 | 506.4
         Sewer |   6.6 |   6.6 |   N/A |   N/A |   4.4 | 163.0
        Bailey |   2.0 |   2.0 |   N/A |   N/A |   0.9 |  32.0
               +-------+-------+-------+-------+-------+----------------------

Table legend: (Time is in decaauts)
 A = Elapsed time spent in this place.
 B = Non-inter-level travel time spent in this place.
 C = Inter-level travel time spent in this place.
 D = Time resting spent in this place.
 E = Time spent auto-exploring this place.
 F = Levels seen in this place.
 G = Mean time per level.
                   A        B        C        D        E       F      G
               +--------+--------+--------+--------+--------+-----+--------+
         Total |   7921 |   7517 |    404 |    373 |   5649 |  10 |  792.1 |
       Dungeon |   7184 |   6820 |    364 |    251 |   5232 |   7 | 1026.3 |
        Temple |    225 |    186 |     39 |      0 |    181 |   1 |  225.0 |
         Sewer |    456 |    456 |      0 |    122 |    236 |   1 |  456.0 |
        Bailey |     56 |     56 |      0 |      0 |      0 |   1 |   56.0 |
               +--------+--------+--------+--------+--------+-----+--------+

Top non-repeatable levels by time:
     D:4: 1681 daAuts
     D:2: 1585 daAuts
     D:6: 1133 daAuts
     D:3: 1063 daAuts
     D:5: 983 daAuts
     D:1: 677 daAuts
   Sewer: 456 daAuts
  Temple: 225 daAuts
     D:7: 58 daAuts
  Bailey: 56 daAuts
